 Dungeon Crawl Stone Soup version 0.26.0-20-g3ca415f5b8 (webtiles) character file.

Game seed: 16109574305084868207

747 kaeus the Firebug (level 7, -6/36 HPs)
             Began as a Gargoyle Fire Elementalist on Jan 25, 2021.
             Mangled by an ogre
             ... wielding a +0 giant club
              (15 damage)
             ... on level 4 of the Dungeon.
             The game lasted 00:06:54 (6757 turns).

kaeus the Firebug (Gargoyle Fire Elementalist)      Turns: 6757, Time: 00:06:54

Health: -6/36      AC: 14    Str: 11    XL:     7   Next: 77%
Magic:  12/12      EV:  8    Int: 18    God:
Gold:   238        SH:  0    Dex: 10    Spells: 0/13 levels left

rFire    + . .     SeeInvis .   p - +3 spear
rCold    . . .     Faith    .   (no shield)
rNeg     + + .     Spirit   .   i - +2 scale mail of Salvation {rF+}
rPois    ∞         Reflect  .   (no helmet)
rElec    +         Harm     .   (no cloak)
rCorr    .         Rampage  .   (no gloves)
Will     .....                  c - +1 pair of boots
Stlth    ..........             (no amulet)
HPRegen  0.12/turn              h - ring of positive energy
MPRegen  0.13/turn              (no ring)

@: no status effects
A: negative energy resistance 1, electricity resistance, unbreathing,
petrification resistance, miasma immunity, AC +4
a: no special abilities


You were on level 4 of the Dungeon.
You visited 1 branch of the dungeon, and saw 4 of its levels.
You also visited: Sewer.

You collected 238 gold pieces.

Inventory:

Hand Weapons
 j - a +0 hand axe
 p - a +3 spear (weapon)
Armour
 c - a +1 pair of boots (worn)
 d - a +0 leather armour
 i - the +2 scale mail of Salvation (worn) {rF+}
   (You found it on level 4 of the Dungeon)

   It protects you from fire.
Jewellery
 h - a ring of positive energy (left hand)
 v - an uncursed amulet of magic regeneration {unknown}
Scrolls
 a - a scroll of magic mapping {unknown}
 b - 6 scrolls of identify {unknown}
 e - 6 scrolls of remove curse
 f - 3 scrolls of amnesia {unknown}
 l - a scroll of fear {unknown}
 n - 4 scrolls of teleportation
 s - 2 scrolls of enchant weapon {unknown}
Potions
 g - 2 potions of curing {unknown}
 k - a potion of haste {unknown}
 m - 2 potions of ambrosia {unknown}
 o - a potion of mutation {unknown}
 q - 5 potions of flight
 r - 2 potions of attraction {unknown}
 t - a potion of degeneration {unknown}
 u - 3 potions of lignification {unknown}


   Skills:
 - Level 1.5 Dodging
 - Level 2.1 Stealth
 + Level 3.8 Spellcasting
 * Level 5.7 Conjurations
 * Level 6.1 Fire Magic


You couldn't memorise any spells.
You knew the following spells:

 Your Spells              Type           Power        Failure   Level
a - Foxfire               Conj/Fire      96%          9%          1
b - Conjure Flame         Conj/Fire      24%          26%         3
c - Sticky Flame          Conj/Fire      24%          63%         4
d - Fireball              Conj/Fire      12%          93%         5

Your spell library contained the following spells:

 Spells                   Type           Power        Failure   Level
 Inner Flame              Hex/Fire       14%          63%         3
 Animate Skeleton         Necr           6%           67%         1


Dungeon Overview and Level Annotations

Branches:
Dungeon (4/15)              Sewer (visited)
 Temple: D:4-7

Altars:
Okawaru
Sif Muna
Trog


Innate Abilities, Weirdness & Mutations

You are resistant to torment.
Your stone body is resilient. (AC +4)
You are immune to poison.
You resist negative energy. (rN+)
You are resistant to electric shocks. (rElec)
You can survive without breathing.
You are immune to petrification.
You are immune to miasma.


Message History

The ogre hits you with a +0 giant club!
An ogre is nearby!
You take 12 damage, and have 16/36 hp.
MASSIVE DAMAGE!!
You are too injured to fight recklessly!
An ogre is nearby!
You are too injured to fight recklessly!
An ogre is nearby!
You are too injured to fight recklessly!
An ogre is nearby!
You are too injured to fight recklessly!
An ogre is nearby!
You barely miss the ogre.
The ogre is heavily wounded.
The ogre hits you with a +0 giant club!
* * * LOW HITPOINT WARNING * * *
You take 7 damage, and have 9/36 hp.
You hit the ogre.
The ogre is severely wounded.
The ogre hits you with a +0 giant club!
You die...

#####...##.##....##.###..........
###...#..#..#.....#..##..........
#...####.##.##....##†##.......#..
..###..#..#..'..###...#..........
.##....##.##.####...#+#
..#.....#..#..#...###.#
#.##....##.##...###...##
#..#..#'#...#.###...#..#
##.####...#####.@.####.##
#..#...###.#...#O# #..#
##.).###...##.##... ##.##
###.###...#..#..#.....#..# ..
..#'#...####.##.##....##.##....
#.#...###..'..#..#..###.....#
..##.##....##.##.####...###.....
..##..#.....#..#..#...### ...>
..###.##....##.##...### ...


You could see an ogre.

Vanquished Creatures
  Sigmund (D:3)
  A hound (D:4)
  3 orc wizards (D:4)
  An orc priest (D:4)
  Jessica (D:2)
  A merfolk siren (Sewer)
  3 worker ants (D:4)
  A merfolk avatar (Sewer)
  A gnoll (D:3)
  12 adders
  3 river rats (Sewer)
  A white imp (D:3)
  3 oozes
  2 adder skeletons (D:4)
  2 worms (D:4)
  A dart slug (D:1)
  2 leopard geckos (Sewer)
  10 orcs
  9 bats
  8 giant cockroaches
  5 goblins
  7 hobgoblins
  7 jackals
  3 quokkas (D:4)
  4 ball pythons
  9 frilled lizards
  10 kobolds
  A quokka skeleton (D:4)
  30 rats
142 creatures vanquished.

Vanquished Creatures (others)
  397 foxfires
397 creatures vanquished.

Grand Total: 539 creatures vanquished

Notes
Turn   | Place    | Note
-------+----------+-------------------------------------------
     0 | D:1      | kaeus the Gargoyle Fire Elementalist began the quest for
                  | the Orb.
     0 | D:1      | Reached XP level 1. HP: 10/10 MP: 3/3
   305 | D:1      | Reached XP level 2. HP: 15/15 MP: 0/5
   906 | D:1      | Reached XP level 3. HP: 19/19 MP: 0/6
  1682 | D:2      | Noticed Jessica
  1696 | D:2      | Killed Jessica
  1697 | D:2      | Reached XP level 4. HP: 24/24 MP: 2/7
  2012 | D:2      | Found an iron altar of Okawaru.
  2299 | D:2      | Reached skill level 4 in Fire Magic
  2810 | D:3      | Reached XP level 5. HP: 28/28 MP: 5/9
  2838 | D:3      | Found a glowing drain.
  2848 | Sewer    | Entered a sewer
  3817 | Sewer    | Noticed a malarious merfolk avatar
  3847 | Sewer    | Killed a malarious merfolk avatar
  3848 | Sewer    | Reached XP level 6. HP: 13/32 MP: 7/10
  4816 | D:3      | Found a shimmering blue altar of Sif Muna.
  4822 | D:3      | Identified Sif Muna's Almanac of Dark Arts
  4830 | D:3      | Found a bloodstained altar of Trog.
  5118 | D:3      | Noticed Sigmund
  5132 | D:3      | Killed Sigmund
  5133 | D:3      | Reached skill level 5 in Fire Magic
  5133 | D:3      | Reached XP level 7. HP: 15/36 MP: 7/12
  5962 | D:4      | Reached skill level 5 in Conjurations
  6430 | D:4      | Got a heavily runed scale mail
  6441 | D:4      | Identified the +2 scale mail of Salvation {rF+} (You found
                  | it on level 4 of the Dungeon)
  6445 | D:4      | Learned a level 3 spell: Conjure Flame
  6450 | D:4      | Learned a level 4 spell: Sticky Flame
  6456 | D:4      | Learned a level 5 spell: Fireball
  6487 | D:4      | Reached skill level 6 in Fire Magic
  6757 | D:4      | Mangled by an ogre

Illustrated notes

Levels and vault maps discovered:
D:1:      lemuel_arrival_hallway, layout_basic, minmay_distorted
D:2:      layout_rooms, old_standard_altar, minmay_domino_4, uniq_jessica
D:3:      layout_loops_cross, nzn_overflow_gifts_of_might_and_magic,
          portal_sewer_entry_b, small_statue_intersection, wad_orctagon,
          uniq_sigmund
D:4:      minmay_skewed_foursquare, layout_basic, vehumet_altar_wand_db

Skill      XL: |  1  2  3  4  5  6  7 |
---------------+----------------------+-----
Conjurations   | 2 3 4 5 |  5.7
Fire Magic     | 4 5 6 |  6.1
Spellcasting   | 3 |  3.8
Dodging        | |  1.5
Stealth        | |  2.1

Action                   |  1- 3 |  4- 6 |  7- 9 || total
-------------------------+-------+-------+-------++-------
Melee: Unarmed           |     3 |       |       ||     3
       Club              |     2 |       |       ||     2
       Dagger            |     2 |       |       ||     2
       Hand axe          |       |   105 |       ||   105
       Spear             |       |    20 |    91 ||   111
 Cast: Foxfire           |    76 |   125 |    76 ||   277
  Use: Scroll            |     1 |       |       ||     1
       Potion            |       |     1 |     1 ||     2
 Stab: Sleeping          |       |     1 |     1 ||     2
Armor: Robe              |     1 |   106 |     3 ||   110
       Scale mail        |       |       |    28 ||    28
       Leather armour    |       |       |     8 ||     8
Dodge: Dodged            |     7 |   166 |    47 ||   220
